 Dungeon Crawl Stone Soup version 0.25.0-10-g039870ee82 (webtiles) character file.

Game seed: 17152377953334078491

3681 Anaz the Gusty (level 9, -4/75 HPs)
             Began as a Demigod Air Elementalist on June 22, 2020.
             Slain by a wolf spider (16 damage)
             ... on level 7 of the Dungeon.
             The game lasted 00:35:03 (10229 turns).

Anaz the Gusty (Demigod Air Elementalist)          Turns: 10229, Time: 00:35:06

Health: -4/75      AC:  7    Str: 17    XL:     9   Next: 59%
Magic:  2/18       EV: 15    Int: 19    God:
Gold:   502        SH:  0    Dex: 16    Spells: 1/16 levels left

rFire    + . .     SeeInvis .   A - +9 lance "Wyrmbane" {slay drac, rPois rF+ rC+ AC+3}
rCold    + . .     Gourm    .   (no shield)
rNeg     . . .     Faith    .   a - +0 robe
rPois    +         Spirit   .   m - +0 helmet
rElec    .         Reflect  .   y - +0 cloak (curse)
rCorr    .         Harm     .   (no gloves)
MR       .....                  (no boots)
Stlth    ++........             (no amulet)
HPRegen  0.22/turn              (no ring)
MPRegen  0.16/turn              (no ring)

@: about to teleport
A: high mp 1
a: no special abilities


You were on level 7 of the Dungeon.
You were near starving.

You visited 1 branch of the dungeon, and saw 7 of its levels.
You also visited: Sewer.

You collected 502 gold pieces.

Inventory:

Hand Weapons
 b - a +0 whip
 h - the +8 mace of the Ageing Ancients {antimagic, rElec rC- SInv}
   (You found it on level 5 of the Dungeon)

   It reduces the magical energy of the wielder, and disrupts the spells and
   magical abilities of those hit.
   Natural abilities and divine invocations are not affected.
   It makes you vulnerable to cold.
   It insulates you from electricity.
   It lets you see invisible.
 p - a +2 trident of flaming
 A - the +9 lance "Wyrmbane" (weapon) {slay drac, rPois rF+ rC+ AC+3}
   (You took it off Maggie on level 7 of the Dungeon)

   It affects your AC (+3).
   It protects you from fire.
   It protects you from cold.
   It protects you from poison.
Armour
 a - a +0 robe (worn)
 l - a +0 ring mail
 m - a +0 helmet (worn)
 y - a cursed +0 cloak (worn)
 B - +1 swamp dragon scales
Wands
 z - a wand of disintegration (18)
Scrolls
 d - 5 scrolls of enchant armour
 e - 2 scrolls of teleportation
 i - a scroll of fear {unknown}
 k - 3 scrolls of immolation
 n - a scroll of noise {unknown}
 o - 2 scrolls of remove curse
 q - a scroll of random uselessness {unknown}
Potions
 f - 11 potions of curing
 g - 3 potions of cancellation
 j - 3 potions of flight
 r - a potion of might {unknown}
 s - a potion of mutation {unknown}
 t - 2 potions of brilliance {unknown}
 u - 3 potions of heal wounds
 v - a potion of stabbing {unknown}
 w - a potion of magic {unknown}
 x - 2 potions of lignification {unknown}
Comestibles
 c - 11 rations


   Skills:
 - Level 6.0 Fighting
 - Level 4.9 Dodging
 - Level 1.7 Stealth
 - Level 4.1 Spellcasting
 * Level 6.4 Conjurations
 + Level 7.7 Air Magic


You had one spell level left.
You knew the following spells:

 Your Spells              Type           Power        Failure   Level  Hunger
a - Shock                 Conj/Air       ####         1%          1    None
b - Swiftness             Chrm/Air       ###.....     4%          2    ##.....
c - Static Discharge      Conj/Air       ####....     2%          3    ###....
d - Airstrike             Air            ####......   5%          4    ####...
e - Lightning Bolt        Conj/Air       ####......   21%         5    ######.

Your spell library contained the following spells:

 Spells                   Type           Power        Failure   Level  Hunger
 Animate Skeleton         Necr           N/A          14%         1    None
 Apportation              Tloc           #.....       14%         1    None
 Corona                   Hex            #......      14%         1    None
 Summon Small Mammal      Summ           #...         14%         1    None
 Confusing Touch          Hex            #.......     38%         3    ###....
 Gell's Gravitas          Tloc           #.........   38%         3    ###....
 Petrify                  Tmut/Erth      #.......     80%         4    ####...
 Metabolic Englaciation   Hex/Ice        #.........   98%         5    ######.
 Yara's Violent Unravell  Hex/Tmut       #.........   98%         5    ######.


Dungeon Overview and Level Annotations

Branches:
Dungeon (7/15)             Temple (0/1) D:4           Sewer (visited)

Shops:
D:7 %


Innate Abilities, Weirdness & Mutations

You have an increased reservoir of magic. (+10% MP)


Message History

The wolf spider closely misses you. The wolf spider bites you!
The wolf spider hits you. The wolf spider bites you.
Unknown command.
Casting: Airstrike (dangerous; 5% risk of failure)
Confirm with . or Enter, or press ? or * to list all spells.
Aiming: Airstrike (dangerous; 5% risk of failure)
Press: ? - help, Dir - move target cursor, f/p - wolf spider
Aim: a wolf spider (heavily wounded)
The air twists around and strikes the wolf spider!
The wolf spider is severely wounded.
You are near starving!
The wolf spider hits you! The wolf spider bites you!
Okay, then.
As you read the scroll of teleportation, it crumbles to dust.
You feel strangely unstable. The wolf spider hits you!!
* * * LOW HITPOINT WARNING * * *
The wolf spider bites you.
* * * LOW HITPOINT WARNING * * *
The wolf spider hits you!
You die...

....###...5...## #..####........
......########.## #..# ######...
##.##....### ##.###..# #...
#.#####...#####.##.## #... #.#
####...####.#.##########..#
#.............###...............
###########.....(..#########...#
#######.s....).....<...#
.......@......######...#
#############.... ##### #####..


You could see a wolf spider.

Vanquished Creatures
  A two-headed ogre (D:7)
  A kobold demonologist (D:7)
  Maggie (D:7)
  A yak (D:7)
  2 hungry ghosts (D:7)
  An ice beast (D:7)
  A black bear (D:7)
  A phantom (D:7)
  5 ogres
  2 centaurs
  2 big kobolds (Sewer)
  3 bullfrogs
  A gnoll sergeant (D:7)
  A howler monkey (D:6)
  A crimson imp (D:5)
  A centaur zombie (D:7)
  A bullfrog zombie (D:6)
  4 orc wizards
  3 orc priests
  A gnoll shaman (D:4)
  3 worker ants
  A hound skeleton (D:4)
  A howler monkey zombie (D:7)
  11 adders
  12 gnolls
  A river rat (D:5)
  A shadow imp (D:7)
  2 adder zombies
  An adder skeleton (D:4)
  5 worms
  A dart slug (D:1)
  5 leopard geckos
  19 orcs
  5 ball pythons
  5 bats
  8 giant cockroaches
  5 goblins
  7 hobgoblins
  4 quokkas
  13 frilled lizards
  A giant cockroach zombie (D:5)
  19 kobolds
  A quokka skeleton (D:7)
  13 rats
178 creatures vanquished.

Notes
Turn   | Place    | Note
-------+----------+-------------------------------------------
     0 | D:1      | Anaz the Demigod Air Elementalist began the quest for the
                  | Orb.
     0 | D:1      | Reached XP level 1. HP: 14/14 MP: 5/5
    14 | D:1      | Reached skill level 1 in Conjurations
   142 | D:1      | Reached skill level 3 in Air Magic
   376 | D:1      | Reached XP level 2. HP: 16/22 MP: 7/7
   380 | D:1      | Learned a level 2 spell: Swiftness
  1324 | D:1      | Reached skill level 1 in Fighting
  1324 | D:1      | Reached XP level 3. HP: 28/28 MP: 3/8
  1329 | D:1      | Learned a level 3 spell: Static Discharge
  2064 | D:2      | Reached XP level 4. HP: 35/35 MP: 2/10
  3249 | D:3      | Reached XP level 5. HP: 25/41 MP: 8/11
  3926 | D:4      | Noticed an ogre
  3947 | D:4      | Killed an ogre
  4253 | D:4      | Reached skill level 4 in Air Magic
  4253 | D:4      | Reached XP level 6. HP: 34/50 MP: 8/13
  4259 | D:4      | Learned a level 4 spell: Airstrike
  4971 | D:4      | Found a staircase to the Ecumenical Temple.
  5110 | D:4      | Found a burning altar of Makhleb.
  5445 | D:5      | Entered Level 5 of the Dungeon
  5509 | D:5      | Got a dazzling mace
  5510 | D:5      | Identified the +8 mace of the Ageing Ancients {antimagic,
                  | rElec rC- SInv} (You found it on level 5 of the Dungeon)
  5612 | D:5      | Found a glowing drain.
  5659 | Sewer    | Entered a sewer
  5845 | Sewer    | Reached XP level 7. HP: 17/57 MP: 3/15
  7622 | D:6      | Reached XP level 8. HP: 12/67 MP: 0/17
  8003 | D:6      | Found a shimmering blue altar of Sif Muna.
  8068 | D:6      | Reached skill level 5 in Fighting
  8432 | D:7      | Found Wupucu's Food Emporium.
  9005 | D:7      | Noticed Maggie
  9130 | D:7      | Killed Maggie
  9130 | D:7      | Reached skill level 5 in Air Magic
  9241 | D:7      | Learned a level 5 spell: Lightning Bolt
  9669 | D:7      | Reached XP level 9. HP: 62/75 MP: 18/18
  9826 | D:7      | Reached skill level 6 in Air Magic
  9864 | D:7      | Noticed a two-headed ogre
  9864 | D:7      | Noticed a wolf spider
  9864 | D:7      | Noticed a kobold demonologist
  9898 | D:7      | Reached skill level 5 in Conjurations
  9903 | D:7      | Killed a two-headed ogre
  9903 | D:7      | Reached skill level 7 in Air Magic
 10101 | D:7      | Killed a kobold demonologist
 10229 | D:7      | Slain by a wolf spider

Illustrated notes

Levels and vault maps discovered:
D:1:      dpeg_arrival_round_b, layout_loops_ring
D:2:      layout_rooms
D:3:      layout_loops_ring
D:4:      layout_loops_ring, temple_fountains, first_ration,
          serial_bayou_lagoon_a, bloody_makhleb
D:5:      layout_rooms, serial_curves, eino_curves_04, eino_curves_04,
          gup_sewer_entry_bubbles, nicolae_underground_beach
D:6:      layout_rooms, lemuel_doored_altar
D:7:      minmay_the_grid_triangle_9x9_rhombus_thin
          [minmay_the_grid_triangle_9x9_windchime,
          minmay_the_grid_triangle_9x9_prize_top_heavy,
          minmay_the_grid_triangle_9x9_minimal,
          minmay_the_grid_triangle_9x9_steps], layout_rooms, serial_shops,
          shop_statue, uniq_maggie

Skill      XL: |  1  2  3  4  5  6  7  8  9 |
---------------+----------------------------+-----
Conjurations   | 1 2 3 4 6 |  6.4
Air Magic      | 3 4 5 7 |  7.7
Dodging        | 2 3 4 |  4.9
Fighting       | 1 2 3 4 6 |  6.0
Spellcasting   | 2 3 4 |  4.1
Stealth        | |  1.7

Action                   |  1- 3 |  4- 6 |  7- 9 || total
-------------------------+-------+-------+-------++-------
Melee: Whip              |    99 |    79 |       ||   178
       Mace              |       |    62 |   155 ||   217
       Trident           |       |    22 |     1 ||    23
       Lance             |       |       |    78 ||    78
 Cast: Shock             |    44 |   112 |    18 ||   174
       Airstrike         |       |       |    13 ||    13
       Lightning Bolt    |       |       |     2 ||     2
Evoke: Wand              |       |       |     2 ||     2
  Use: Scroll            |       |     6 |     3 ||     9
       Potion            |       |       |     1 ||     1
 Stab: Sleeping          |     1 |     2 |     4 ||     7
  Eat: Chunk             |     4 |    12 |    20 ||    36
       Ration            |       |       |     2 ||     2
Armor: Robe              |    13 |    51 |    49 ||   113
Dodge: Dodged            |    76 |   162 |   183 ||   421
